 Dungeon Crawl Stone Soup version 0.29.0-11-gd7f09526c8 (webtiles) character file.

Game seed: 3140437099675832539

1504 quinnr the Destroyer (level 8, 0/44 HPs)
             Began as a Tengu Conjurer on Sept 3, 2022.
             Was an Initiate of Sif Muna.
             Hit by a large rock thrown by a cyclops (44 damage)
             ... on level 6 of the Dungeon.
             The game lasted 00:17:22 (8976 turns).

quinnr the Destroyer (Tengu Conjurer)               Turns: 8976, Time: 00:17:22

Health: 0/44       AC:  5    Str:  8    XL:     8   Next: 82%
Magic:  13/16      EV: 17    Int: 20    God:    Sif Muna [......]
Gold:   342        SH:  0    Dex: 13    Spells: 5/16 levels left

rFire   . . .      SeeInvis .   z - +3 dagger (venom)
rCold   + . .      Faith    .   (no shield)
rNeg    + . .      Spirit   .   a - +0 robe
rPois   .          Reflect  .   K - +2 hat
rElec   .          Harm     .   E - +0 cloak
rCorr   .          Rampage  .   (no gloves)
Will    .....                   (boots unavailable)
Stlth   ++........              A - amulet of regeneration
HPRegen 0.94/turn               C - ring of protection from cold
MPRegen 0.15/turn               N - ring of positive energy

@: flying quickly and evasively, studying Short Blades, quick
A: beak, talons 3, nimble flight
a: Renounce Religion


You were on level 6 of the Dungeon.
You worshipped Sif Muna.
Sif Muna was noncommittal.
You visited 2 branches of the dungeon, and saw 7 of its levels.

You collected 342 gold pieces.


Innate Abilities, Weirdness & Mutations

You have a beak for a mouth.
You have claws for feet.
Your magical nature lets you fly swiftly and evasively.


   Skills:
 - Level 2.0 Fighting
 - Level 3.0 Short Blades
 + Level 6.6 Dodging
 - Level 3.0 Stealth
 + Level 4.7 Spellcasting
 + Level 8.9 Conjurations
 - Level 3.0 Translocations
 + Level 0.0 Ice Magic


You had 5 spell levels left.
You knew the following spells:

 Your Spells              Type           Power      Damage    Failure   Level
m - Magic Dart            Conj           100%       1d8       1%          1
s - Searing Ray           Conj           80%        2d7       1%          2
X - Iskenderun's Mystic   Conj/Tloc      28%        2d7       11%         4
Y - Hailstorm             Conj/Ice       22%        3d7       19%         4

Your spell library contained the following spells:

 Spells                   Type           Power      Damage    Failure   Level
 Dazzling Flash           Conj/Hex       44%        N/A       6%          3
 Freeze                   Ice            16%        1d4       12%         1
 Sting                    Tmut/Pois      16%        1d3       12%         1
 Ensorcelled Hibernation  Hex/Ice        8%         N/A       19%         2
 Poisonous Vapours        Pois/Air       8%         N/A       19%         2
 Fulminant Prism          Conj/Hex       11%        3d9       19%         4
 Frozen Ramparts          Ice            8%         1d2       34%         3
 Inner Flame              Hex/Fire       4%         N/A       34%         3
 Spider Form              Tmut/Pois      4%         N/A       34%         3
 Anguish                  Hex/Necr       2%         N/A       75%         4
 Cause Fear               Hex            2%         N/A       75%         4
 Corpse Rot               Necr/Pois/Air  4%         N/A       75%         4
 Olgreb's Toxic Radiance  Pois           4%         N/A       75%         4
 Agony                    Necr           4%         N/A       97%         5
 Silence                  Hex/Air        2%         N/A       97%         5
 Discord                  Hex            2%         N/A       100%        8

Inventory:

Hand Weapons
 c - a +1 dagger of electrocution
 z - a +3 dagger of venom (weapon)
 F - the +8 trident "Cacueh" {elec, Str+4 Dex-5}
   (You found it on level 5 of the Dungeon)

   It occasionally discharges a powerful burst of electricity upon striking a
   foe.
   Str:       It affects your strength (+4).
   Dex:       It affects your dexterity (-5).
 J - a +2 dagger of freezing
Missiles
 l - 7 curare-tipped darts {=f}
 w - 2 atropa-tipped darts
 y - 10 poisoned darts
Armour
 a - a +0 robe (worn)
 E - a +0 cloak (worn)
 K - a +2 hat (worn)
Jewellery
 A - an amulet of regeneration (around neck)
 C - a ring of protection from cold (left hand)
 N - a ring of positive energy (right hand)
Wands
 n - a wand of flame (22)
Scrolls
 f - a scroll of summoning {unknown}
 g - a scroll of blinking {unknown}
 h - 2 scrolls of butterflies {unknown}
 i - 4 scrolls of teleportation {@r2}
 k - a scroll of silence {unknown}
 r - a scroll of enchant weapon {unknown}
 s - 3 scrolls of vulnerability {unknown}
 G - a scroll of enchant armour {unknown}
 I - 2 scrolls of noise {unknown}
Potions
 b - 2 potions of magic
 d - 2 potions of degeneration
 e - a potion of cancellation {unknown}
 j - 2 potions of mutation {unknown}
 m - 2 potions of curing {@q1}
 o - a potion of ambrosia
 p - 2 potions of heal wounds {@q2}
 t - 2 potions of brilliance {unknown}
 u - a potion of resistance {unknown}
 v - a potion of berserk rage {unknown}
 x - a potion of haste {unknown}
 B - a potion of invisibility
 D - a potion of lignification {unknown}
 H - a potion of flight {unknown}

Dungeon Overview and Level Annotations

Branches:
Dungeon (6/15)             Temple (1/1) D:6

Altars:
Ashenzari
Elyvilon
Fedhas
Gozag
Kikubaaqudgha
Nemelex Xobeh
Okawaru
Ru
Sif Muna
Xom
Zin
The Shining One

Shops:
D:4 ((

Annotations:
D:1 digvault
D:3 2 transporters
D:6 exclusion: cyclops

....▒▒▒).# #.# #.#
....)....# #.# #.#
....#.#..# #.# #.#
....+.#..# #.# #.#
....###..# #.# #.# ....#
#..# #.# #.# ....# #..#
#.# #.# ....# #..# #.#
#.# #..####..#######@#
#.#
#....##..............#.#
#.##.##..........###.#.#
#.##..#.........C# #.#
#.....#..........# #.#
................## #.#
..........###".## #.#
........#.# #..# #.#
........#..# .# #.#


You could see a cyclops.


Message History

[Y]es or [N]o only, please.
Really fly into a travel-excluded area?
Okay, then.
Really fly into a travel-excluded area?
Casting: Searing Ray (safe; 1% risk of failure)
Confirm with . or Enter, or press ? or * to list all spells.
Okay, then.
Casting: Searing Ray (safe; 1% risk of failure)
Confirm with . or Enter, or press ? or * to list all spells.
You can't see any susceptible monsters within range! (Use Z to cast anyway.) Unknown command.
Casting: Searing Ray (safe; 1% risk of failure)
Confirm with . or Enter, or press ? or * to list all spells.
You can't see any susceptible monsters within range! (Use Z to cast anyway.) Unknown command.
The cyclops shouts!
Casting: Searing Ray (safe; 1% risk of failure)
Confirm with . or Enter, or press ? or * to list all spells.
Aiming: Searing Ray (safe; 1% risk of failure)
Press: ? - help, Shift-Dir - straight line, f - cyclops
Aim: a cyclops, quivering large rocks (98% to hit)
The searing ray hits the cyclops!
The cyclops is lightly wounded. (Press . to maintain the ray.) Unknown command.
The searing ray hits the cyclops.
The cyclops is moderately wounded.
The cyclops throws a large rock.
The large rock hits you!!!
Ouch! That really hurt!
You die...

Skill      XL: |  1  2  3  4  5  6  7  8 |
---------------+-------------------------+-----
Fighting       | 1 2 |  2.0
Conjurations   | 6 7 8 |  8.9
Spellcasting   | 3 4 |  4.7
Dodging        | 3 4 5 6 |  6.6
Stealth        | 3 |  3.0
Translocations | 2 3 |  3.0
Short Blades   | 3 |  3.0

Action                   |  1- 3 |  4- 6 |  7- 9 || total
-------------------------+-------+-------+-------++-------
Melee: Dagger            |    15 |    14 |     4 ||    33
       Kick              |     4 |       |     2 ||     6
       Peck              |     2 |     3 |     1 ||     6
       Punch             |     2 |       |       ||     2
       Trident           |       |       |     8 ||     8
 Cast: Magic Dart        |    49 |   130 |    22 ||   201
       Searing Ray       |     1 |    14 |    37 ||    52
       Iskenderun's Myst |       |       |     6 ||     6
Evoke: Wand              |       |       |     1 ||     1
  Use: Potion            |     1 |       |       ||     1
       Scroll            |       |     4 |     1 ||     5
 Stab: Sleeping          |       |     1 |       ||     1
Armor: Robe              |     3 |     6 |     9 ||    18
Dodge: Dodged            |    21 |    23 |    52 ||    96

Levels and vault maps discovered:
D:1:      evilmike_arrival_come_back, layout_rooms
D:2:      layout_basic, kennysheep_generic_room_13, uniq_terence
D:3:      gammafunk_steamed_eel, layout_basic, nicolae_overflow_hidden_temple,
          minmay_lizard_king
D:4:      layout_loops_corners, serial_shops,
          nicolae_shop_temple_entry_statues_fountains, nicolae_take_the_stairs,
          uniq_ijyb
D:5:      layout_loops_ring, chequers_avenue
D:6:      layout_basic, kennysheep_little_box, minmay_temple_entry_wispy,
          uniq_crazy_yiuf_cottage
Temple:   compressed_dpeg_triangle_lava_temple

Notes
Turn   | Place    | Note
-------+----------+-------------------------------------------
     0 | D:1      | quinnr the Tengu Conjurer began the quest for the Orb.
     0 | D:1      | Reached XP level 1. HP: 10/10 MP: 4/4
     9 | D:1      | Noticed a bullfrog
   149 | D:1      | Reached XP level 2. HP: 16/16 MP: 1/6
   408 | D:1      | Reached skill level 1 in Fighting
   555 | D:1      | Reached skill level 6 in Conjurations
   597 | D:1      | Reached XP level 3. HP: 20/20 MP: 4/7
   890 | D:2      | Noticed Terence
   903 | D:1      | Learned a level 2 spell: Searing Ray
   916 | D:1      | Killed Terence
  1192 | D:1      | Reached XP level 4. HP: 19/25 MP: 2/9
  1704 | D:2      | Reached skill level 3 in Spellcasting
  1876 | D:2      | Reached skill level 7 in Conjurations
  1878 | D:2      | Gained mutation: Your magical nature lets you fly swiftly
                  | and evasively. [Tengu growth]
  1878 | D:2      | Reached XP level 5. HP: 29/29 MP: 1/10
  2102 | D:2      | Identified the +9 short sword of Otiahu Idio {flame, rC++
                  | rN+ Int-2 SInv}
  2829 | D:3      | Reached skill level 3 in Dodging
  3023 | D:3      | Reached skill level 3 in Stealth
  3066 | D:3      | Reached XP level 6. HP: 34/34 MP: 6/11
  3121 | D:3      | Found a transporter.
  3133 | D:3      | Found a white marble altar of Elyvilon.
  3164 | D:3      | Found a transporter.
  3733 | D:4      | Found Deco's Antique Weapon Shoppe.
  4181 | D:4      | Reached skill level 4 in Dodging
  4181 | D:4      | Reached skill level 8 in Conjurations
  4719 | D:4      | Found Qoumpus's Weapon Shoppe.
  4758 | D:4      | Reached XP level 7. HP: 38/38 MP: 4/12
  4893 | D:4      | Noticed Ijyb
  5062 | D:3      | Learned a level 4 spell: Iskenderun's Mystic Blast
  5092 | D:4      | Killed Ijyb
  5434 | D:5      | Entered Level 5 of the Dungeon
  5440 | D:5      | Reached skill level 1 in Translocations
  5963 | D:5      | Reached skill level 1 in Short Blades
  5963 | D:5      | Reached skill level 5 in Dodging
  6211 | D:5      | Reached skill level 2 in Short Blades
  6211 | D:5      | Reached skill level 4 in Spellcasting
  6213 | D:5      | Identified the +8 trident "Cacueh" {elec, Str+4 Dex-5}
  6551 | D:6      | Reached skill level 3 in Short Blades
  6551 | D:6      | Reached skill level 2 in Translocations
  6551 | D:6      | Reached XP level 8. HP: 39/43 MP: 6/15
  7347 | D:5      | Reached skill level 6 in Dodging
  7390 | D:5      | Reached skill level 3 in Translocations
  7501 | D:6      | Found a staircase to the Ecumenical Temple.
  7522 | Temple   | Entered the Ecumenical Temple
  7719 | Temple   | Became a worshipper of Sif Muna the Loreminder
  7888 | D:6      | Noticed a cyclops
  7975 | D:6      | Found an opulent altar of Gozag.
  8158 | D:6      | Reached skill level 2 in Fighting
  8677 | D:6      | Found a runed translucent door.
  8678 | D:6      | Noticed Crazy Yiuf
  8686 | D:6      | Killed Crazy Yiuf
  8971 | D:6      | Learned a level 4 spell: Hailstorm
  8976 | D:6      | Hit by a large rock thrown by a cyclops

Vanquished Creatures
  A water moccasin (D:6)
  An orc warrior (D:5)
  2 ice beasts
  An ogre (D:5)
  A bullfrog (D:5)
  A kobold brigand (D:6)
  2 necrophages (D:5)
  2 scorpions
  Crazy Yiuf (D:6)
  3 orc priests
  A hound (D:6)
  A jelly (D:5)
  Terence (D:1)
  3 iguanas
  Ijyb (D:4)
  3 orc wizards
  9 adders
  4 gnolls (D:4)
  2 white imps
  2 ufetubi
  3 worms
  19 orcs
  10 ball pythons
  7 endoplasms
  3 giant cockroaches (D:4)
  6 hobgoblins
  8 jackals
  13 kobolds
  7 quokkas
  4 bats
  13 frilled lizards
  6 goblins
  8 rats
149 creatures vanquished.

Vanquished Creatures (others)
  A plant (D:3)
1 creature vanquished.

Grand Total: 150 creatures vanquished

Table legend: (Time is in decaauts)
 A = Elapsed time spent in this place.
 B = Non-inter-level travel time spent in this place.
 C = Inter-level travel time spent in this place.
 D = Time resting spent in this place.
 E = Time spent auto-exploring this place.
 F = Levels seen in this place.
 G = Mean time per level.
                   A        B        C        D        E       F      G
               +--------+--------+--------+--------+--------+-----+--------+
         Total |   8624 |   8391 |    233 |   1687 |   5416 |   7 | 1232.0 |
       Dungeon |   8430 |   8213 |    217 |   1687 |   5257 |   6 | 1405.0 |
        Temple |    193 |    178 |     15 |      0 |    159 |   1 |  193.0 |
               +--------+--------+--------+--------+--------+-----+--------+

Top non-repeatable levels by time:
     D:6: 1679 daAuts
     D:4: 1667 daAuts
     D:3: 1393 daAuts
     D:1: 1297 daAuts
     D:5: 1215 daAuts
     D:2: 1178 daAuts
  Temple: 193 daAuts

Table legend:
 A = Non-vault XP
 B = Vault XP
 C = Vault XP percentage of total XP
 D = Non-vault monster count
 E = Vault monster count
 F = Vault count percentage of total count
                 A         B        C        D         E       F
            +---------+---------+-------+---------+---------+-------
      Total |    2025 |     124 |   5.8 |     138 |      11 |   7.4
            +---------+---------+-------+---------+---------+-------
        D:1 |      53 |      36 |  40.4 |      27 |       1 |   3.6
        D:2 |     143 |       2 |   1.4 |      33 |       1 |   2.9
        D:3 |     134 |       7 |   5.0 |      22 |       7 |  24.1
        D:4 |     267 |      35 |  11.6 |      27 |       1 |   3.6
        D:5 |     797 |       0 |   0.0 |      14 |       0 |   0.0
        D:6 |     631 |      44 |   6.5 |      15 |       1 |   6.2
            +---------+---------+-------+---------+---------+-------
